 Dungeon Sprint DCSS version 0.21-a0-338-g36cf2fc (webtiles) character file.

10211 Kidiri the Warrior (level 11, -2/119 HPs)
             Began as a Purple Draconian Berserker on Oct 3, 2017.
             Was the Champion of Trog.
             Killed by divine providence
             ... invoked by an orc high priest
              (15 damage)
             ... in the Dungeon (Sprint IX: "|||||||||||||||||||||||||||||").
             The game lasted 00:07:13 (1575 turns).

Kidiri the Warrior (Purple Draconian Berserker)     Turns: 1575, Time: 00:07:13

Health: -2/119     AC:  9    Str: 26    XL:     11   Next: 33%
Magic:  0/4        EV: 22    Int:  7    God:    Trog [******]
Gold:   1269       SH:  0    Dex: 11    Spells: 10/10 levels left

rFire    . . .     SeeInvis .   i - +5 triple sword (antimagic)
rCold    . . .     Gourm    .   (shield currently unavailable)
rNeg     . . .     Faith    .   (armour unavailable)
rPois    .         Spirit   .   (helmet restricted)
rElec    .         Reflect  .   (no cloak)
rCorr    .         Harm     .   y - +0 pair of gloves
MR       +....     NoTele   +   b - +0 pair of boots
Stlth    +.........             (no amulet)
HPRegen  0.29/turn              m - +2 ring of evasion
MPRegen  0.09/turn              n - +3 ring of strength

@: berserk cooldown, slowed, drained, very slow
A: breathe power, unfitting armour, big wings, wild magic 1, cold-blooded, AC +7
a: Breathe Dispelling Energy, Fly, Berserk, Trog's Hand, Brothers in Arms, Burn
Spellbooks, Renounce Religion


You were in the Dungeon.
You worshipped Trog.
Trog was exalted by your worship.
You were hungry.

You visited 1 branch You collected 1269 gold pieces.

Inventory:

Hand Weapons
 i - a +5 antimagic triple sword (weapon)
 t - a +3 great sword of freezing
Missiles
 z - 2 throwing nets (quivered)
 C - 3 tomahawks
Armour
 b - a +0 pair of boots (worn)
 y - a +0 pair of gloves (worn)
Jewellery
 m - a +2 ring of evasion (left hand)
 n - a +3 ring of strength (right hand)
Wands
 l - a wand of acid (7/15)
Scrolls
 h - 3 scrolls of blinking
 k - 3 scrolls of remove curse
 r - a scroll of fear
 s - a scroll of recharging
Potions
 c - 5 potions of curing
 d - 6 potions of heal wounds
 e - a potion of haste
 f - 4 potions of magic
 g - 2 potions of berserk rage
 j - a potion of invisibility
 o - 2 potions of might
 A - a potion of brilliance {unknown}
Comestibles
 p - a royal jelly
 v - 40 fruits
 w - 12 bread rations
 x - 12 meat rations
 B - 12 chunks of flesh


   Skills:
 * Level 18.3(17.8) Fighting
 + Level 12.7(12.3) Long Blades
 + Level 2.7(2.3) Throwing
 * Level 15.8(15.3) Dodging
 + Level 3.3(2.9) Evocations


You had 10 spell levels left.
You didn't know any spells.

Dungeon Overview and Level Annotations

Branches:
Dungeon (1/1)

Altars:
Cheibriados
Dithmenos
Elyvilon
Fedhas
Gozag
Hepliaklqana
Kikubaaqudgha
Makhleb
Nemelex Xobeh
Okawaru
Qazlal
Ru
Sif Muna
Trog
Uskayaw
Vehumet
Wu Jian
Xom
Yredelemnul
Zin
The Shining One
Beogh
Jiyva
Lugonu

Shops:
D *?[


Innate Abilities, Weirdness & Mutations

You can breathe bolts of dispelling energy.
Your rich purple scales are hard. (AC +7)
You cannot fit into any form of body armour.
You are cold-blooded and may be slowed by cold attacks.
Your large and strong wings let you fly indefinitely.
Your spells are a little harder to cast, but a little more powerful.


Message History

The orc priest is almost dead.
The orc priest looks satisfied for a moment.
You closely miss the orc priest. You tail-slap the orc priest.
You kill the orc priest!
Trog accepts your kill.
You are no longer berserk.
You are exhausted.
You feel yourself slow down.
The orc high priest says, "You will make a fine sacrifice."
The orc high priest prays to Beogh.
You slash the orc high priest! You tail-slap the orc high priest.
The orc high priest is heavily wounded.
The orc high priest mumbles some strange prayers to Beogh.
The red devil hits you from afar with an antimagic trident!
* * * LOW HITPOINT WARNING * * *
You feel your power leaking away.
The orc high priest mumbles some strange prayers.
The orc high priest calls down the wrath of Beogh upon you.
Beogh smites you!
You die...

▓▓▓▓▓▓▓▓▓▓▓▓▓▓▓▓▓▓▓▓▓▓▓▓
[..)).......)))4@o4o4oo4
▓▓▓▓▓▓▓▓▓▓▓▓▓▓▓▓▓▓▓▓▓▓▓▓▓▓▓▓▓▓▓▓▓
.................................
▓▓▓▓▓▓▓▓▓▓▓▓▓▓▓▓▓▓▓▓▓▓▓▓▓▓▓▓▓▓▓▓▓
...'....%....'÷.......))..'...[.[
▓▓▓▓▓▓▓▓▓▓▓▓▓▓▓▓▓▓▓▓▓▓▓▓▓▓▓▓▓▓▓▓▓
.................................
▓▓▓▓▓▓▓▓▓▓▓▓▓▓▓▓▓▓▓▓▓▓▓▓▓▓▓▓▓▓▓▓▓
_____________'.?|)[[[.(%).....'))


You could see 3 orc high priests, 2 ice devils, a rust devil, a red devil and an
orc priest.

Vanquished Creatures
  Erolcha (D)
  A catoblepas (D)
  2 death yaks (D)
  An orc high priest (D)
  An orc knight (D)
  A black mamba (D)
  2 blink frogs (D)
  3 hippogriffs (D)
  3 yaks (D)
  A water moccasin (D)
  2 porcupines (D)
  10 orc warriors (D)
  A necrophage (D)
  An ogre (D)
  A crocodile (D)
  A big kobold (D)
  A bullfrog (D)
  5 orc priests (D)
  2 worker ants (D)
  An orc wizard (D)
  An adder skeleton (D)
  A leopard gecko (D)
  2 orcs (D)
  A bat (D)
  A bat skeleton (D)
  2 kobolds (D)
  2 frilled lizards (D)
51 creatures vanquished.

Vanquished Creatures (collateral kills)
  Harold (D)
  A centaur warrior (D)
  2 death yaks (D)
  An unseen horror (D)
  2 orc knights (D)
  An elephant (D)
  2 spiny frogs (D)
  A hornet (D)
  2 yaks (D)
  A wyvern (D)
  4 water moccasins (D)
  2 orc warriors (D)
  A centaur (D)
  A bullfrog (D)
  2 orc priests (D)
  3 orc wizards (D)
  3 orcs (D)
30 creatures vanquished.

Grand Total: 81 creatures vanquished

Notes
Turn   | Place    | Note
-------+----------+-------------------------------------------
     0 | D        | Kidiri the Draconian Berserker began the quest for the Orb.
     0 | D        | Reached XP level 1. HP: 19/19 MP: 1/1
    12 | D        | Reached ** piety under Trog
    12 | D        | Reached skill level 4 in Fighting
    52 | D        | Noticed a worker ant
    52 | D        | Noticed an ogre
    55 | D        | Reached XP level 2. HP: 27/27 MP: 2/2
    56 | D        | Reached *** piety under Trog
    62 | D        | Reached skill level 5 in Fighting
    62 | D        | Reached XP level 3. HP: 36/36 MP: 3/3
    68 | D        | Killed an ogre
    68 | D        | Reached skill level 7 in Fighting
    68 | D        | Reached skill level 5 in Long Blades
    68 | D        | Reached XP level 4. HP: 47/47 MP: 4/4
    81 | D        | Found a roughly hewn altar of Beogh.
    81 | D        | Found a snail-covered altar of Cheibriados.
    81 | D        | Found a shadowy altar of Dithmenos.
    81 | D        | Found a white marble altar of Elyvilon.
    81 | D        | Found a blossoming altar of Fedhas.
    81 | D        | Found an opulent altar of Gozag.
    82 | D        | Found a hazy altar of Hepliaklqana.
    83 | D        | Found a viscous altar of Jiyva.
    84 | D        | Found an ancient bone altar of Kikubaaqudgha.
    85 | D        | Found a corrupted altar of Lugonu.
    86 | D        | Found a burning altar of Makhleb.
    87 | D        | Found a sparkling altar of Nemelex Xobeh.
    88 | D        | Found an iron altar of Okawaru.
    89 | D        | Found a stormy altar of Qazlal.
    90 | D        | Found a sacrificial altar of Ru.
    91 | D        | Found a deep blue altar of Sif Muna.
    92 | D        | Found a bloodstained altar of Trog.
    93 | D        | Found a hide-covered altar of Uskayaw.
    94 | D        | Found a radiant altar of Vehumet.
    95 | D        | Found an ornate altar of the Wu Jian Council.
    96 | D        | Found a shimmering altar of Xom.
    97 | D        | Found a basalt altar of Yredelemnul.
    98 | D        | Found a glowing silver altar of Zin.
    99 | D        | Found a glowing golden altar of the Shining One.
   116 | D        | Got the +2 scimitar of Equilibrium {slice, rF- Str+3 Dex+5}
   134 | D        | Noticed a necrophage
   134 | D        | Noticed a big kobold
   134 | D        | Noticed a yak
   134 | D        | Noticed a hippogriff
   139 | D        | Killed a necrophage
   139 | D        | Reached skill level 8 in Fighting
   139 | D        | Reached XP level 5. HP: 56/56 MP: 5/5
   141 | D        | Reached **** piety under Trog
   145 | D        | Reached skill level 9 in Fighting
   145 | D        | Reached XP level 6. HP: 61/63 MP: 6/6
   154 | D        | Killed a yak
   154 | D        | Reached skill level 10 in Fighting
   156 | D        | Killed a hippogriff
   156 | D        | Reached ***** piety under Trog
   156 | D        | Reached skill level 11 in Fighting
   156 | D        | Your scales start taking on a rich purple colour.
   156 | D        | Reached XP level 7. HP: 69/74 MP: 7/7
   185 | D        | Noticed a centaur warrior
   185 | D        | Noticed a hornet
   185 | D        | Noticed a wyvern
   187 | D        | Killed a centaur warrior
   187 | D        | Reached skill level 12 in Fighting
   187 | D        | Reached skill level 10 in Dodging
   189 | D        | Killed an unseen horror
   189 | D        | Reached XP level 8. HP: 85/85 MP: 8/8
   190 | D        | Killed a hornet
   192 | D        | Reached skill level 13 in Fighting
   333 | D        | Noticed Erolcha
   343 | D        | Killed Erolcha
   343 | D        | Reached skill level 14 in Fighting
   343 | D        | Reached XP level 9. HP: 95/95 MP: 9/9
   410 | D        | Gained mutation: Your spells are a little harder to cast, but a little more powerful. [potion of mutation]
   410 | D        | Gained mutation: Your spells are harder to cast, but more powerful. [potion of mutation]
   411 | D        | Lost mutation: Your spells are harder to cast, but more powerful. [potion of mutation]
   411 | D        | Lost mutation: Your spells are a little harder to cast, but a little more powerful. [potion of mutation]
   411 | D        | Gained mutation: Your spells are a little harder to cast, but a little more powerful. [potion of mutation]
   411 | D        | Gained mutation: Your large and strong wings let you fly indefinitely. [potion of mutation]
   417 | D        | Reached skill level 10 in Long Blades
   418 | D        | Noticed a black mamba
   428 | D        | Reached ****** piety under Trog
   428 | D        | Reached skill level 15 in Fighting
   430 | D        | Received a gift from Trog
   432 | D        | Killed a black mamba
   545 | D        | Noticed a spiny frog
   545 | D        | Noticed an elephant
   550 | D        | Killed a spiny frog
   550 | D        | Received a gift from Trog
   555 | D        | Noticed a spiny frog
   556 | D        | Killed an elephant
   556 | D        | Reached XP level 10. HP: 107/107 MP: 3/10
   560 | D        | Killed a spiny frog
   565 | D        | Received a gift from Trog
   565 | D        | Reached skill level 16 in Fighting
   605 | D        | Noticed a catoblepas
   605 | D        | Noticed a death yak
   605 | D        | Noticed a death yak
   642 | D        | Noticed a death yak
   646 | D        | Killed a catoblepas
   650 | D        | Noticed a death yak
   651 | D        | Killed a death yak
   924 | D        | Killed a death yak
   927 | D        | Killed a death yak
   927 | D        | Reached skill level 17 in Fighting
   938 | D        | Killed a death yak
   941 | D        | Reached skill level 15 in Dodging
  1199 | D        | Noticed Harold
  1208 | D        | Killed Harold
  1264 | D        | Noticed an orc knight
  1270 | D        | Killed an orc knight
  1270 | D        | Reached XP level 11. HP: 118/118 MP: 3/11
  1275 | D        | Received a gift from Trog
  1280 | D        | Noticed an orc knight
  1284 | D        | Killed an orc knight
  1379 | D        | Received a gift from Trog
  1379 | D        | Reached skill level 1 in Evocations
  1382 | D        | Reached skill level 1 in Throwing
  1387 | D        | Noticed an orc knight
  1393 | D        | Killed an orc knight
  1393 | D        | Reached skill level 18 in Fighting
  1549 | D        | Found Bynesk's General Store.
  1549 | D        | Noticed an orc high priest
  1552 | D        | Received a gift from Trog
  1553 | D        | Found Tisaot's Magic Scroll Shoppe.
  1554 | D        | Noticed an orc high priest
  1555 | D        | Noticed an orc high priest
  1556 | D        | Noticed an orc high priest
  1558 | D        | Found Uskiquol's Antique Armour Emporium.
  1565 | D        | Killed an orc high priest
  1567 | D        | Noticed a soul eater
  1575 | D        | Killed from afar by an orc high priest

Vault maps used:
D:        linesprint

Skill      XL: |  1  2  3  4  5  6  7  8  9 10 11 |
---------------+----------------------------------+-----
Dodging        | 3 4 6 7 9 10 12 13 15 | 15.8
Fighting       | 4 5 7 8 9 11 12 14 15 17 18 | 18.3
Long Blades    | 4 5 6 7 8 9 11 12 | 12.7
Evocations     | 3 |  3.3
Throwing       | 2 |  2.7

Action                   |  1- 3 |  4- 6 |  7- 9 | 10-12 || total
-------------------------+-------+-------+-------+-------++-------
Melee: Falchion          |    23 |       |       |       ||    23
       Tailslap          |     3 |     6 |     6 |    18 ||    33
       Scimitar          |       |    21 |    26 |       ||    47
       Triple sword      |       |       |       |    62 ||    62
Invok: Berserk           |     1 |     1 |     1 |     4 ||     7
       Trog's Hand       |     1 |     1 |       |     2 ||     4
       Brothers in Arms  |       |       |     2 |     3 ||     5
 Abil: Breathe Dispellin |       |       |     2 |       ||     2
  Use: Potion            |       |       |     2 |       ||     2
       Scroll            |       |       |       |     3 ||     3
  Eat: Chunk             |       |       |     3 |     4 ||     7
       Bread ration      |       |       |       |     1 ||     1
Armor: Skin              |    11 |     2 |     2 |     1 ||    16
Dodge: Dodged            |    11 |    21 |    27 |    35 ||    94
       Rpst.: Falchion   |     1 |       |       |       ||     1
       Scimitar          |       |     5 |     5 |       ||    10
       Triple sword      |       |       |       |    12 ||    12

Table legend:
 A = Spawn XP
 B = Non-spawn XP
 C = Spawn XP percentage of total XP
 D = Spawn monster count
 E = Non-spawn monster count
 F = Spawn count percentage of total count
 G = Total turns spent on level
                    A         B        C        D         E        F      G
               +---------+---------+-------+---------+---------+-------+---------
         Total |       0 |   14588 |   0.0 |       0 |      81 |   0.0 |  1575
               +---------+---------+-------+---------+---------+-------+---------
             D |       0 |   14588 |   0.0 |       0 |      81 |   0.0 |  1575
               +---------+---------+-------+---------+---------+-------+---------
